 Dungeon Crawl Stone Soup version 0.26-b1-32-g5d43845318 (webtiles) character file.

Game seed: 15746766004479339782

44704 Dracia the Slicer (level 13, -8/108 HPs)
             Began as a Demonspawn Gladiator on Jan 13, 2021.
             Was a High Priest of Okawaru.
             Mangled by an ogre
             ... wielding a +0 giant club
             ... led by an orc knight
              (14 damage)
             ... on level 1 of the Orcish Mines.
             The game lasted 00:42:21 (23307 turns).

Dracia the Slicer (Demonspawn Gladiator)           Turns: 23307, Time: 00:42:22

Health: -8/108     AC: 20    Str: 25    XL:     13   Next: 97%
Magic:  19/20      EV: 14    Int: 10    God:    Okawaru [*****.]
Gold:   1092       SH:  0    Dex: 15    Spells: 12/12 levels left

rFire    + . .     SeeInvis .   c - +1 dagger of Elokhyl {vorpal, +Inv rPois Str+6}
rCold    + . .     Faith    +   (no shield)
rNeg     . . .     Spirit   .   i - +0 plate armour
rPois    +         Reflect  .   (helmet unavailable)
rElec    .         Harm     .   z - scarf {rC+ rF+}
rCorr    .         Rampage  .   x - +0 pair of gloves
Will     .....                  (no boots)
Stlth    ..........             T - amulet of faith {!P!P}
HPRegen  0.28/turn              P - ring of poison resistance
MPRegen  0.17/turn              L - ring of flight

@: mighty, about to teleport, heroism
A: horns 3, rugged brown scales 2, powered by pain 3, spiny 2
a: Renounce Religion, Evoke Invisibility, Evoke Flight, Heroism, Finesse


You were on level 1 of the Orcish Mines.
You worshipped Okawaru.
Okawaru was extremely pleased with you.
You visited 4 branches of the dungeon, and saw 18 of its levels.

You collected 1092 gold pieces.


Innate Abilities, Weirdness & Mutations

You have a pair of large horns on your head.
You are mostly covered in rugged brown scales. (AC +2, +5% HP)
You are powered by pain.
You are mostly covered in sharp spines.


   Skills:
 - Level 10.0(15.0) Fighting
 - Level 12.9(17.9) Short Blades
 - Level 1.7(6.7) Throwing
 + Level 9.8(14.8) Armour
 - Level 7.1(12.1) Dodging
 - Level 10.0 Invocations
 - Level 10.0 Evocations


You had 12 spell levels left.
You didn't know any spells.
Your spell library contained the following spells:

 Spells                   Type           Power        Failure   Level
 Freeze                   Ice            0%           95%         1
 Sting                    Tmut/Pois      0%           95%         1
 Summon Small Mammal      Summ           0%           95%         1
 Call Imp                 Summ           0%           99%         2
 Poisonous Vapours        Pois/Air       0%           99%         2
 Call Canine Familiar     Summ           0%           100%        3
 Frozen Ramparts          Ice            0%           100%        3
 Ignite Poison            Fire/Tmut/Pois 0%           100%        3
 Mephitic Cloud           Conj/Pois/Air  0%           100%        3
 Ozocubu's Armour         Ice            0%           100%        3
 Summon Guardian Golem    Hex/Summ       0%           100%        3
 Hailstorm                Conj/Ice       0%           100%        4
 Olgreb's Toxic Radiance  Pois           0%           100%        4
 Summon Ice Beast         Ice/Summ       0%           100%        4
 Summon Lightning Spire   Summ/Air       0%           100%        4
 Bolt of Magma            Conj/Fire/Erth 0%           100%        5
 Iskenderun's Battlesphe  Conj           0%           100%        5
 Iron Shot                Conj/Erth      0%           100%        6
 Orb of Destruction       Conj           0%           100%        7
 Spellforged Servitor     Conj/Summ      0%           100%        7

Inventory:

Hand Weapons
 c - the +1 dagger of Elokhyl (weapon) {vorpal, +Inv rPois Str+6}
   (Okawaru gifted it to you on level 1 of the Lair of Beasts)

   It inflicts extra damage upon your enemies.
   It affects your strength (+6).
   It protects you from poison.
   It lets you turn invisible.
 g - the +4 short sword of the Valley of Death {vorpal, *Contam Int+7}
   (Okawaru gifted it to you on level 3 of the Lair of Beasts)

   It inflicts extra damage upon your enemies.
   It affects your intelligence (+7).
   It causes magical contamination when unequipped.
 r - the +2 fustibalus of Success {flame, Dex+4 Stlth+}
   (Okawaru gifted it to you on level 4 of the Lair of Beasts)

   It causes projectiles fired from it to burn those they strike, causing extra
   injury to most foes and up to half again as much damage against particularly
   susceptible opponents.
   It affects your dexterity (+4).
   It makes you more stealthy.
 w - a +3 rapier of venom
Missiles
 a - 16 atropa-tipped darts (quivered)
 d - 6 throwing nets {=f=f}
 u - 22 poisoned darts
 C - 8 curare-tipped darts {=f=f}
 J - 132 sling bullets
Armour
 i - a +0 plate armour (worn)
 j - a scarf of shadows
 x - a +0 pair of gloves (worn)
 z - a scarf of resistance (worn)
 K - the +6 scale mail of Chill Winds {-Tele +Fly rF+++ Dex-4}
   (You found it on level 1 of the Lair of Beasts)

   It affects your dexterity (-4).
   It renders you almost immune to fire.
   It lets you fly.
   It prevents most forms of teleportation.
Magical Staves
 h - an uncursed staff of fire {!a!a, unknown}
Jewellery
 F - an uncursed ring of protection from fire
 G - an uncursed amulet of guardian spirit
 L - a ring of flight (right hand)
 P - a ring of poison resistance (left hand)
 T - an amulet of faith (around neck) {!P!P}
 W - an uncursed ring of magical power
Wands
 k - a wand of paralysis (6)
 o - a wand of flame (11)
 t - a wand of digging (3)
 D - a wand of polymorph (7)
Scrolls
 b - a scroll of immolation
 f - 5 scrolls of remove curse {@r2@r2}
 n - a scroll of blinking
 q - 9 scrolls of identify {@r1@r1}
 v - 4 scrolls of magic mapping
 y - 3 scrolls of fog
 A - a scroll of torment
 H - a scroll of amnesia {unknown}
 I - a scroll of random uselessness {unknown}
Potions
 e - 3 potions of flight
 l - a potion of resistance
 m - 2 potions of lignification
 p - 6 potions of curing {@q1@q1}
 s - 2 potions of attraction
 E - a potion of mutation {unknown}

Dungeon Overview and Level Annotations

Branches:
Dungeon (10/15)            Temple (1/1) D:6            Lair (5/6) D:9
  Swamp (0/4) Lair:3       Spider (0/4) Lair:4          Orc (2/2) D:10
  Slime: Lair:5-6       Elf: Orc:2

Altars:
Ashenzari
Cheibriados
Dithmenos
Elyvilon
Fedhas
Gozag
Kikubaaqudgha
Makhleb
Nemelex Xobeh
Okawaru
Qazlal
Ru
Sif Muna
Trog
Uskayaw
Vehumet
Wu Jian
Xom
Yredelemnul
Zin
The Shining One

Annotations:
Lair:1 exclusion: 3 oklob plants

.......##
.......##
#.......
##......
#..$...
.###.....
........##
......o>o##
.......o#@#
.......oCOh#
###.....#.##
##$#.....
#.#...... #
##.##..# .##
... ...


You could see a cyclops, a warg, 2 orc warriors, an ogre and an orc (strong).


Message History

* * * LOW HITPOINT WARNING * * *
The orc warrior throws a boomerang.
The boomerang closely misses you.
The weapon returns to the orc warrior!
The orc is struck by your spines. The orc misses you.
Unknown command.
You barely miss the orc. Your headbutt misses the orc.
The orc is severely wounded.
The orc warrior throws a boomerang.
The boomerang hits you but does no damage.
The weapon returns to the orc warrior!
The orc knight is struck by your spines.
The orc knight hits you with a +0 battleaxe!
* * * LOW HITPOINT WARNING * * *
The orc warrior misses you.
Okay, then.
As you read the scroll of teleportation {@r4@r4}, it crumbles to dust.
You feel strangely unstable. The orc closely misses you.
Unknown command.
You barely miss the orc.
The orc is heavily wounded.
The orc knight misses you.
The orc warrior hits you from afar with a +0 glaive!
* * * LOW HITPOINT WARNING * * *
You focus on the pain.
You feel mightier all of a sudden. The orc is struck by your spines.
You kill the orc!
The warg bites you but does no damage. The ogre is struck by your spines.
The ogre hits you with a +0 giant club!
You die...

Skill      XL: |  1  2  3  4  5  6  7  8  9 10 11 12 13 |
---------------+----------------------------------------+-----
Armour         | 1 2 3 4 6 9 |  9.8
Dodging        | 3 4 5 6 7 |  7.1
Fighting       | 3 4 5 7 10 | 10.0
Short Blades   | 7 11 12 | 12.9
Invocations    | 7 10 | 10.0
Evocations     | 6 10 | 10.0
Throwing       | |  1.7

Action                   |  1- 3 |  4- 6 |  7- 9 | 10-12 | 13-15 || total
-------------------------+-------+-------+-------+-------+-------++-------
Melee: Rapier            |   171 |    38 |   259 |   238 |       ||   706
       Dagger            |       |   153 |     9 |   331 |   479 ||   972
       Headbutt          |       |       |    27 |   153 |   174 ||   354
       Punch             |       |       |       |     2 |     9 ||    11
Throw: Throwing net      |       |       |     1 |       |     1 ||     2
       Dart              |       |       |       |       |     8 ||     8
Invok: Heroism           |       |       |       |     2 |     8 ||    10
       Finesse           |       |       |       |     1 |     3 ||     4
Evoke: Wand              |       |       |       |       |     1 ||     1
  Use: Scroll            |     3 |     3 |     6 |    14 |     3 ||    29
       Potion            |       |       |     8 |     4 |     5 ||    17
 Stab: Sleeping          |     1 |       |       |       |       ||     1
       Invisible         |       |       |       |       |     1 ||     1
       Held in net/web   |       |       |       |       |     1 ||     1
       Paralysed         |       |       |       |       |     1 ||     1
Armor: Leather armour    |    52 |       |       |       |       ||    52
       Plate armour      |    19 |   122 |   152 |   246 |   193 ||   732
       Skin              |       |       |     8 |       |       ||     8
       Scale mail        |       |       |       |       |     3 ||     3
Dodge: Dodged            |   137 |    44 |    89 |   197 |   198 ||   665

Levels and vault maps discovered:
D:1:      lightli_iron_boxes, layout_basic
D:2:      minmay_inner_zag, layout_basic
D:3:      layout_basic, minmay_cupped, uniq_ijyb
D:4:      layout_basic, kennysheep_little_box, minmay_misc_feat_iff,
          lemuel_old_faithful
D:5:      layout_layer_cave, nicolae_ashenzari_panopticon
D:6:      layout_basic, lemuel_round_altar, nicolae_tso_besieged_by_evil,
          minmay_temple_entry_trees
D:7:      layout_basic, nicolae_overflow_hidden_temple, hangedman_decor_lopped,
          minmay_small_thing, uniq_pikel, uniq_joseph
D:8:      layout_loops_ring, lemuel_mausoleum_altar_kikubaaqudgha,
          minmay_misc_feat_cross, hangedman_abyss_or_decor_jellyfish_corner,
          uniq_psyche
D:9:      layout_long_grid, erik_lair_dragon, grunt_qazlal_sundering,
          uniq_harold
D:10:     layout_loops_ring, orc_0_dummy, basic_altar, uniq_erica
Temple:   regret_index_temple_sphere_string
Lair:1:   dpeg_oklob_gauntlet, layout_gridlike, gammafunk_ghost_hydra_chop,
          lemuel_fruit_fields, uniq_gastronok
Lair:2:   layout_misc_corridors, infiniplex_staircase_pool_2
Lair:3:   layout_big_grid, minmay_swamp_entry_worms,
          ebering_ghost_reflecting_pool, infiniplex_staircase_pool, uniq_rupert
Lair:4:   layout_hall_layers, spider_nest_entry_web_field, serial_bayou_pond_d
Lair:5:   layout_roguey, serial_bayou_shore_a, grunt_megastairs_2,
          uniq_josephine
Orc:1:    minmay_goldmine, layout_diamond_mine, statue_in_the_mist_lemuel
Orc:2:    pf_orc_diabolical, layout_diamond_mine, serial_shops, shop_statue,
          shop_fountains, basic_altar, roderic_batcave

Notes
Turn   | Place    | Note
-------+----------+-------------------------------------------
     0 | D:1      | Dracia the Demonspawn Gladiator began the quest for the
                  | Orb.
     0 | D:1      | Reached XP level 1. HP: 16/16 MP: 1/1
   271 | D:1      | Gained mutation: You are partially covered in rugged brown
                  | scales. (AC +1, +3% HP) [demonic ancestry]
   271 | D:1      | Reached XP level 2. HP: 8/22 MP: 2/2
   516 | D:1      | Reached skill level 1 in Armour
   516 | D:1      | Reached skill level 3 in Dodging
   809 | D:1      | Reached XP level 3. HP: 28/28 MP: 3/3
  1272 | D:2      | Reached skill level 3 in Fighting
  1272 | D:2      | Gained mutation: You sometimes gain a little power by
                  | taking damage. [demonic ancestry]
  1272 | D:2      | Reached XP level 4. HP: 36/36 MP: 4/4
  1461 | D:2      | Reached skill level 2 in Armour
  1778 | D:3      | Noticed Ijyb
  1804 | D:3      | Paralysed by Ijyb for 3 turns
  1805 | D:3      | Gained mutation: You sometimes gain power by taking damage.
                  | [demonic ancestry]
  1805 | D:3      | Reached XP level 5. HP: 22/42 MP: 5/5
  1824 | D:3      | Killed Ijyb
  2183 | D:3      | Reached skill level 4 in Dodging
  2694 | D:4      | Gained mutation: You are partially covered in sharp spines.
                  | [demonic ancestry]
  2694 | D:4      | Reached XP level 6. HP: 46/49 MP: 6/6
  2702 | D:4      | Reached skill level 4 in Fighting
  2702 | D:4      | Reached skill level 3 in Armour
  3133 | D:4      | Gained mutation: You are mostly covered in sharp spines.
                  | [demonic ancestry]
  3133 | D:4      | Reached XP level 7. HP: 37/56 MP: 7/7
  3601 | D:4      | Found a blossoming altar of Fedhas.
  3688 | D:4      | Reached skill level 4 in Armour
  3688 | D:4      | Reached skill level 5 in Dodging
  3692 | D:4      | Reached skill level 5 in Fighting
  3947 | D:5      | Entered Level 5 of the Dungeon
  4333 | D:5      | Gained mutation: You are mostly covered in rugged brown
                  | scales. (AC +2, +5% HP) [demonic ancestry]
  4333 | D:5      | Reached XP level 8. HP: 38/66 MP: 8/8
  4508 | D:5      | Found a broken altar of Ashenzari.
  4593 | D:5      | Reached skill level 6 in Fighting
  4593 | D:5      | Reached skill level 5 in Armour
  4731 | D:5      | Reached skill level 6 in Dodging
  5500 | D:6      | Found a glowing golden altar of the Shining One.
  5545 | D:6      | Found a staircase to the Ecumenical Temple.
  5835 | D:6      | Found a shimmering altar of Xom.
  5873 | D:6      | You fall into a shaft and drop 1 floor!
  6010 | D:7      | Reached skill level 6 in Armour
  6140 | D:7      | Reached skill level 7 in Fighting
  6145 | D:7      | Gained mutation: You have a pair of small horns on your
                  | head. [demonic ancestry]
  6145 | D:7      | Reached XP level 9. HP: 57/75 MP: 9/9
  6146 | D:7      | Noticed Pikel
  6159 | D:7      | Killed Pikel
  6160 | D:7      | Reached skill level 7 in Dodging
  6163 | D:7      | Identified 2 potions of resistance
  6169 | D:7      | HP: 11/112 [white imp/puff of frost (3)]
  6540 | D:7      | Reached skill level 3 in Short Blades
  6646 | D:7      | Noticed Joseph
  6663 | D:7      | Reached skill level 4 in Short Blades
  6667 | D:7      | Killed Joseph
  6668 | D:7      | Reached skill level 5 in Short Blades
  7225 | D:7      | Identified a scarf of resistance (You found it on level 7
                  | of the Dungeon)
  7297 | Temple   | Entered the Ecumenical Temple
  7446 | Temple   | Became a worshipper of Warmaster Okawaru
  7551 | D:6      | Reached skill level 6 in Short Blades
  8253 | D:8      | Noticed Psyche
  8264 | D:8      | Killed Psyche
  8264 | D:8      | Reached * piety under Okawaru
  8265 | D:8      | Reached skill level 7 in Short Blades
  8265 | D:8      | Gained mutation: You have a pair of horns on your head.
                  | [demonic ancestry]
  8265 | D:8      | Reached XP level 10. HP: 28/82 MP: 10/10
  8525 | D:8      | Noticed a two-headed ogre
  8535 | D:8      | Killed a two-headed ogre
  8536 | D:8      | Reached skill level 8 in Short Blades
  8679 | D:8      | Reached ** piety under Okawaru
  8920 | D:8      | Found an ancient bone altar of Kikubaaqudgha.
  9056 | D:8      | Reached skill level 9 in Short Blades
  9606 | D:9      | Found a stormy altar of Qazlal.
  9615 | D:9      | Reached *** piety under Okawaru
  9977 | D:9      | Reached skill level 10 in Short Blades
 10090 | D:9      | Noticed Harold
 10108 | D:9      | Killed Harold
 10446 | D:9      | Found a staircase to the Lair.
 10466 | D:9      | Reached **** piety under Okawaru
 10473 | D:9      | Reached skill level 11 in Short Blades
 10473 | D:9      | Gained mutation: You have a pair of large horns on your
                  | head. [demonic ancestry]
 10473 | D:9      | Reached XP level 11. HP: 71/88 MP: 11/11
 10928 | Lair:1   | Entered Level 1 of the Lair of Beasts
 10958 | Lair:1   | Received a gift from Okawaru
 10984 | Lair:1   | Noticed an eight-headed hydra
 10996 | Lair:1   | Killed an eight-headed hydra
 11396 | Lair:1   | Found a runed translucent gate.
 11396 | Lair:1   | Found a runed translucent gate.
 11477 | Lair:1   | Noticed a four-headed hydra
 11486 | Lair:1   | Killed a four-headed hydra
 11486 | Lair:1   | Reached ***** piety under Okawaru
 11498 | Lair:1   | Reached skill level 12 in Short Blades
 11720 | Lair:1   | Noticed Gastronok
 11743 | Lair:1   | Killed Gastronok
 11743 | Lair:1   | Received a gift from Okawaru
 11743 | Lair:1   | Received a gift from Okawaru
 12064 | Lair:1   | Received a gift from Okawaru
 12142 | Lair:1   | Reached skill level 1 in Invocations
 12160 | Lair:1   | Got a scorched dagger {god gift}
 12161 | Lair:1   | Identified the +1 dagger of Elokhyl {vorpal, +Inv rPois
                  | Str+6} (Okawaru gifted it to you on level 1 of the Lair of
                  | Beasts)
 12292 | Lair:1   | Found a runed translucent gate.
 12293 | Lair:1   | Noticed Vew Pil's ghost (journeyman DrTm)
 12293 | Lair:1   | Noticed a nine-headed hydra
 12294 | Lair:1   | Noticed a nine-headed hydra
 12344 | Lair:1   | Reached skill level 2 in Invocations
 12531 | Lair:1   | Noticed an oklob plant
 12531 | Lair:1   | Noticed an oklob plant
 12531 | Lair:1   | Noticed an oklob plant
 12643 | Lair:2   | Reached skill level 3 in Invocations
 12819 | Lair:2   | Reached skill level 4 in Invocations
 12837 | Lair:2   | Reached skill level 5 in Invocations
 12977 | Lair:2   | Reached skill level 6 in Invocations
 13014 | Lair:2   | Reached skill level 7 in Invocations
 13033 | Lair:2   | Gained mutation: You are powered by pain. [demonic
                  | ancestry]
 13033 | Lair:2   | Reached XP level 12. HP: 66/95 MP: 17/17
 13186 | Lair:2   | Noticed a six-headed hydra
 13197 | Lair:2   | Killed a six-headed hydra
 13197 | Lair:2   | Reached ****** piety under Okawaru
 13198 | Lair:2   | Reached skill level 8 in Invocations
 13446 | Lair:2   | Reached skill level 9 in Invocations
 13932 | Lair:3   | Noticed Rupert
 13934 | Lair:3   | Paralysed by Rupert for 4 turns
 14219 | Lair:3   | Noticed a five-headed hydra
 14227 | Lair:3   | Killed a five-headed hydra
 14227 | Lair:3   | Received a gift from Okawaru
 14228 | Lair:3   | Reached skill level 10 in Invocations
 14371 | Lair:3   | Found a runed translucent door.
 14372 | Lair:3   | Noticed Feulaj's ghost (journeyman MiBe)
 14405 | Lair:3   | Reached skill level 8 in Fighting
 14539 | Lair:3   | Paralysed by Rupert for 5 turns
 14555 | Lair:3   | Killed Rupert
 14556 | Lair:3   | Reached skill level 9 in Fighting
 14853 | Lair:3   | Found a staircase to the Swamp.
 15313 | Lair:3   | Got a crude short sword {god gift}
 15314 | Lair:3   | Identified the +4 short sword of the Valley of Death
                  | {vorpal, *Contam Int+7} (Okawaru gifted it to you on level
                  | 3 of the Lair of Beasts)
 15352 | Lair:3   | Received a gift from Okawaru
 15747 | Lair:4   | Found a hole to the Spider Nest.
 15825 | Lair:4   | Reached skill level 10 in Fighting
 15825 | Lair:4   | Reached skill level 1 in Evocations
 16154 | Lair:4   | Reached skill level 2 in Evocations
 16309 | Lair:4   | Reached skill level 3 in Evocations
 16547 | Lair:4   | Reached skill level 4 in Evocations
 16750 | Lair:4   | Noticed a seven-headed hydra
 16759 | Lair:4   | Killed a seven-headed hydra
 16760 | Lair:4   | Reached skill level 5 in Evocations
 16776 | Lair:4   | Received a gift from Okawaru
 16788 | Lair:4   | Got a warped fustibalus {god gift}
 16789 | Lair:4   | Identified the +2 fustibalus of Success {flame, Dex+4
                  | Stlth+} (Okawaru gifted it to you on level 4 of the Lair of
                  | Beasts)
 17201 | Lair:4   | Noticed a four-headed hydra
 17211 | Lair:4   | Killed a four-headed hydra
 17212 | Lair:4   | Reached skill level 6 in Evocations
 17601 | Lair:5   | Reached XP level 13. HP: 108/108 MP: 20/20
 17648 | Lair:5   | Reached skill level 7 in Evocations
 17978 | Lair:5   | Received a gift from Okawaru
 17979 | Lair:5   | Reached skill level 8 in Evocations
 18737 | Lair:5   | Noticed Josephine
 18779 | Lair:5   | Killed Josephine
 18779 | Lair:5   | Received a gift from Okawaru
 18808 | Lair:5   | Reached skill level 9 in Evocations
 19392 | Lair:4   | Reached skill level 10 in Evocations
 19413 | Lair:4   | HP: 4/108 [yak (10)]
 19717 | Lair:4   | Received a gift from Okawaru
 19718 | Lair:4   | Reached skill level 7 in Armour
 19720 | Lair:4   | Got a pair of dazzling boots {god gift}
 19741 | Lair:4   | Identified the -7 pair of boots of His Hoc {-Tele +Inv
                  | rN+++ Str+5} (Okawaru gifted it to you on level 4 of the
                  | Lair of Beasts)
 20329 | Lair:5   | Reached skill level 8 in Armour
 20556 | D:10     | Entered Level 10 of the Dungeon
 20579 | D:10     | Noticed Erica
 20580 | D:10     | Found a staircase to the Orcish Mines.
 20604 | D:10     | Killed Erica
 21001 | D:10     | Found a radiant altar of Vehumet.
 22143 | Lair:3   | Killed Feulaj's ghost
 22144 | Lair:3   | Reached skill level 9 in Armour
 22269 | Lair:1   | Killed Vew Pil's ghost
 22269 | Lair:1   | Received a gift from Okawaru
 22276 | Lair:1   | HP: 9/108 [poisoned by Vew Pil's ghost]
 22281 | Lair:1   | HP: 7/108 [poisoned by Vew Pil's ghost]
 22287 | Lair:1   | HP: 4/108 [poisoned by Vew Pil's ghost]
 22293 | Lair:1   | HP: 3/108 [poisoned by Vew Pil's ghost]
 22300 | Lair:1   | HP: 3/108 [poisoned by Vew Pil's ghost]
 22308 | Lair:1   | HP: 3/108 [poisoned by Vew Pil's ghost]
 22791 | Lair:1   | Got a jewelled scale mail
 22792 | Lair:1   | Identified the +6 scale mail of Chill Winds {-Tele +Fly
                  | rF+++ Dex-4} (You found it on level 1 of the Lair of
                  | Beasts)
 22913 | Orc:1    | Entered Level 1 of the Orcish Mines
 22994 | Orc:2    | Entered Level 2 of the Orcish Mines
 23306 | Orc:1    | HP: 6/108 [orc warrior/+0 glaive (15)]
 23307 | Orc:1    | Mangled by an ogre

Vanquished Creatures
  Rupert (Lair:3)
  Gastronok (Lair:1)
  The ghost of Feulaj the Severer, a journeyman MiBe of Trog (Lair:3)
  Josephine (Lair:5)
  The ghost of Vew Pil the Grappler, a journeyman DrTm of Okawaru (Lair:1)
  Harold (D:9)
  11 hydras
  Erica (D:10)
  A two-headed ogre (D:8)
  5 death yaks (Lair:4)
  An unseen horror (D:10)
  A lindwurm (Lair:5)
  Pikel (D:7)
  3 black mambas
  3 elephants
  Joseph (D:7)
  Psyche (D:8)
  A centaur skeleton (D:10)
  3 komodo dragons
  9 cane toads
  A rime drake (Lair:3)
  A troll (D:10)
  3 polar bears
  17 blink frogs
  7 wyverns
  6 basilisks
  28 yaks
  3 wraiths (Lair:5)
  A vampire mosquito (D:7)
  A swamp worm (Lair:3)
  2 wargs
  A steam dragon (Lair:2)
  7 water moccasins
  7 orc warriors
  2 phantoms
  A swamp drake (D:9)
  3 sky beasts
  2 black bears
  3 ice beasts
  8 ogres
  A necrophage (D:8)
  3 wolves (Lair:1)
  4 centaurs
  A big kobold (D:9)
  14 bullfrogs
  4 scorpions
  5 wights (D:8)
  5 killer bees (D:10)
  3 howler monkeys
  A troll skeleton (D:8)
  2 electric eels (Lair:5)
  3 jellies
  A bullfrog zombie (D:7)
  2 human zombies (D:8)
  7 hounds
  9 orc wizards
  A bullfrog skeleton (D:7)
  9 orc priests
  Ijyb (D:3)
  2 human skeletons (D:8)
  4 iguanas
  9 worker ants
  2 hound zombies (D:6)
  A hound skeleton (D:7)
  A mummy (D:8)
  A howler monkey zombie (D:7)
  4 gnolls (D:6)
  13 adders
  3 shadow imps (D:6)
  6 white imps
  2 ufetubi
  An ooze (D:5)
  6 worms
  2 dart slugs (D:1)
  5 leopard geckos
  34 orcs
  5 ball pythons
  12 bats
  3 giant cockroaches
  11 goblins
  3 hobgoblins
  10 jackals
  16 kobolds
  5 quokkas
  6 frilled lizards
  2 goblin skeletons (D:6)
  2 goblin zombies (D:6)
  A hobgoblin zombie (D:6)
  A kobold zombie (D:6)
  A leopard gecko skeleton (D:7)
  An orc skeleton (D:6)
  An orc zombie (D:6)
  A quokka zombie (D:9)
  13 rats
418 creatures vanquished.

Vanquished Creatures (others)
  19 fungi
  31 plants
50 creatures vanquished.

Grand Total: 468 creatures vanquished

Table legend: (Time is in decaauts)
 A = Elapsed time spent in this place.
 B = Non-inter-level travel time spent in this place.
 C = Inter-level travel time spent in this place.
 D = Time resting spent in this place.
 E = Time spent auto-exploring this place.
 F = Levels seen in this place.
 G = Mean time per level.
                   A        B        C        D        E       F      G
               +--------+--------+--------+--------+--------+-----+--------+
         Total |  22844 |  21195 |   1649 |   5673 |  12991 |  18 | 1269.1 |
       Dungeon |  12194 |  11151 |   1043 |   1675 |   7956 |  10 | 1219.4 |
        Temple |    171 |    135 |     36 |      0 |    134 |   1 |  171.0 |
          Lair |  10114 |   9561 |    553 |   3997 |   4673 |   5 | 2022.8 |
  Orcish Mines |    364 |    348 |     16 |      0 |    227 |   2 |  182.0 |
               +--------+--------+--------+--------+--------+-----+--------+

Top non-repeatable levels by time:
  Lair:4: 2391 daAuts
  Lair:1: 2333 daAuts
  Lair:3: 2226 daAuts
  Lair:5: 1840 daAuts
     D:9: 1767 daAuts
     D:4: 1654 daAuts
     D:7: 1570 daAuts
     D:8: 1362 daAuts
  Lair:2: 1323 daAuts
     D:5: 1114 daAuts
     D:3: 1088 daAuts
     D:6: 989 daAuts
    D:10: 966 daAuts
     D:1: 899 daAuts
     D:2: 781 daAuts

Table legend:
 A = Non-vault XP
 B = Vault XP
 C = Vault XP percentage of total XP
 D = Non-vault monster count
 E = Vault monster count
 F = Vault count percentage of total count
                 A         B        C        D         E       F
            +---------+---------+-------+---------+---------+-------
      Total |   44415 |   19448 |  30.5 |     351 |      67 |  16.0
            +---------+---------+-------+---------+---------+-------
        D:1 |      42 |       0 |   0.0 |      24 |       0 |   0.0
        D:2 |      87 |       8 |   8.4 |      27 |       6 |  18.2
        D:3 |     119 |      84 |  41.4 |      26 |       5 |  16.1
        D:4 |     792 |       0 |   0.0 |      28 |       0 |   0.0
        D:5 |     884 |       0 |   0.0 |      20 |       0 |   0.0
        D:6 |     397 |      19 |   4.6 |      19 |       9 |  32.1
        D:7 |    1146 |    1228 |  51.7 |      26 |       3 |  10.3
        D:8 |    1698 |    1074 |  38.7 |      13 |      13 |  50.0
        D:9 |    1889 |    2103 |  52.7 |      26 |       7 |  21.2
       D:10 |    2663 |     934 |  26.0 |      24 |       1 |   4.0
     Lair:1 |    4481 |    5423 |  54.8 |      15 |       4 |  21.1
     Lair:2 |    5828 |       0 |   0.0 |      21 |       0 |   0.0
     Lair:3 |    3206 |    4586 |  58.9 |      11 |       3 |  21.4
     Lair:4 |   13680 |       0 |   0.0 |      35 |       0 |   0.0
     Lair:5 |    6668 |    3541 |  34.7 |      23 |       6 |  20.7
      Orc:1 |     414 |       0 |   0.0 |       6 |       0 |   0.0
      Orc:2 |     421 |     448 |  51.6 |       7 |      10 |  58.8
            +---------+---------+-------+---------+---------+-------
